 Dungeon Crawl Stone Soup version 0.31-a0-150-g89dc3ad700 (webtiles) character file.

Game seed: 99203091778960765

61 qw the Shooter (level 3, -3/31 HPs)
             Began as a Minotaur Hunter on June 8, 2023.
             Slain by a gnoll
             ... wielding a +0 halberd
              (7 damage)
             ... on level 2 of the Dungeon.
             The game lasted 00:00:26 (587 turns).

qw the Shooter (Minotaur Hunter)                     Turns: 587, Time: 00:00:27

Health: -3/31      AC:  3    Str: 15    XL:     3   Next: 83%
Magic:  2/2        EV: 12    Int:  6    God:
Gold:   50         SH:  0    Dex: 15    Spells: 2/2 levels left

rFire   . . .        Y - +0 shortbow
rCold   . . .        (shield currently unavailable)
rNeg    . . .        c - +0 leather armour
rPois   .            (helmet restricted)
rElec   .            (no cloak)
rCorr   .            (no gloves)
SInv    .            (no boots)
Will    .....        (no amulet)
Stlth   +            (no ring)
HPRegen 0.25/turn    (no ring)
MPRegen 0.08/turn

%: no passive effects
@: no status effects
A: horns 2, retaliatory headbutt
a: no special abilities


You were on level 2 of the Dungeon.
You visited 1 branch of the dungeon, and saw 2 of its levels.

You collected 50 gold pieces.


Innate Abilities, Weirdness & Mutations

You have a pair of horns on your head.
You reflexively headbutt those who attack you in melee.


   Skills:
 - Level 3.0 Fighting
 + Level 5.8 Ranged Weapons
 - Level 2.1 Dodging
 - Level 0.7 Stealth


You had 2 spell levels left.
You didn't know any spells.
Your spell library was empty.

Inventory:

Hand Weapons
 Y - a +0 shortbow (weapon)
Armour
 c - a +0 leather armour (worn)
Scrolls
 a - 2 scrolls of identify
 b - a scroll of teleportation {unknown}
 d - a scroll of silence {unknown}
Potions
 f - a potion of invisibility {unknown}
 g - a potion of berserk rage {unknown}
 h - a potion of curing {unknown}

Dungeon Overview and Level Annotations

Branches:
Dungeon (2/15)

Altars:


Message History

The gnoll is severely wounded.
A gnoll comes into view. It is wielding a +0 halberd.
You shoot an arrow. The arrow hits the gnoll.
The gnoll is almost dead.
You shoot an arrow. The arrow closely misses the gnoll.
A gnoll comes into view. It is wielding a +0 halberd.
You shoot an arrow. The arrow hits the gnoll!
You kill the gnoll!
You shoot an arrow.
The arrow hits the gnoll but does no damage.
You shoot an arrow. The arrow hits the gnoll.
The gnoll is lightly wounded.
A rat comes into view.
You shoot an arrow. The arrow hits the gnoll!
The gnoll is severely wounded.
The gnoll hits you but does no damage.
The rat twitches its whiskers.
You shoot an arrow.
The arrow hits the gnoll but does no damage.
The gnoll is severely wounded.
The gnoll misses you.
You shoot an arrow. The arrow hits the gnoll.
The gnoll is almost dead.
The gnoll hits you from afar with a +0 halberd!
The gnoll misses you.
You shoot an arrow.
The arrow hits the gnoll but does no damage.
The gnoll is almost dead.
The gnoll misses you. The gnoll closely misses you.
The gnoll hits you from afar with a +0 halberd! x2
You shoot an arrow. The arrow closely misses the gnoll.
The gnoll closely misses you. The gnoll barely misses you.
You shoot an arrow. The arrow hits the rat.
The rat is heavily wounded.
The rat bites you but does no damage. The gnoll misses you.
The gnoll completely misses you.
You shoot an arrow. The arrow hits the rat.
You kill the rat!
The gnoll hits you from afar with a +0 halberd!
You die...

.........: ..#........#
...........# ...........#
..#........# ...........##
.....g......# ..<.........##
.....g.@#....##
........##....## ..
........###....# #.# ........#
#..#.#######
..##....#......###...........
##.......
###........#..#..####
......... .............#.#
.....#...######........#.#..#
.........)#####........#.##..#


You could see 2 gnolls.

Vanquished Creatures
  2 gnolls
  A worm (D:2)
  A dart slug (D:1)
  2 ball pythons
  4 endoplasms (D:1)
  5 giant cockroaches
  4 goblins
  3 hobgoblins
  3 quokkas (D:1)
  3 kobolds
  10 rats
38 creatures vanquished.

Notes
Turn   | Place    | Note
-------+----------+-------------------------------------------
     0 | D:1      | qw the Minotaur Hunter began the quest for the Orb.
     0 | D:1      | Reached XP level 1. HP: 18/18 MP: 0/0
     0 | D:1      | 0 ||| qw: Version: 0.2-a-119-g7aa9181
     0 | D:1      | 0 ||| qw: Game counter: 2791
     0 | D:1      | 0 ||| qw: Always use a shield: true
     0 | D:1      | 0 ||| qw: God list: Okawaru
     0 | D:1      | 0 ||| qw: Allow faded altars: false
     0 | D:1      | 0 ||| qw: Do Orc after D:15 true
     0 | D:1      | 0 ||| qw: Do second Lair branch before Depths: true
     0 | D:1      | 0 ||| qw: Lair rune preference: random
     0 | D:1      | 0 ||| qw: Plans: Normal
     0 | D:1      | 0 ||| PLANNING D:1-11
    24 | D:1      | 24 ||| FLEEEEING.
    28 | D:1      | 28 ||| FLEEEEING.
    29 | D:1      | 29 ||| FLEEEEING.
    30 | D:1      | 30 ||| FLEEEEING.
    32 | D:1      | 32 ||| FLEEEEING.
    82 | D:1      | Reached XP level 2. HP: 25/25 MP: 1/1
   110 | D:1      | Reached skill level 5 in Ranged Weapons
   199 | D:1      | Reached skill level 3 in Fighting
   333 | D:1      | Reached XP level 3. HP: 31/31 MP: 2/2
   473 | D:1      | 473 ||| READING scroll labelled WIXAEW LONAV.
   474 | D:1      | 474 ||| READING scroll labelled YSMOIM HODOYDGH.
   475 | D:1      | 475 ||| DROPPING scroll of butterflies.
   584 | D:2      | HP: 3/31 [gnoll/+0 halberd (11)]
   587 | D:2      | Slain by a gnoll

Levels and vault maps discovered:
D:1:      dpeg_arrival_ratfight, layout_rooms
D:2:      layout_rooms

Skill      XL: |  1  2 |
---------------+-------+-----
Ranged Weapons | 5 |  5.8
Fighting       | 3 |  3.0
Dodging        | |  2.1
Stealth        | |  0.7

Action                     || total
---------------------------++-------
   Fire: Shortbow          ||   106
    Use: Scroll            ||     2
 Armour: Leather armour    ||     6
  Dodge: Dodged            ||    14

Table legend:
 A = Non-vault XP
 B = Vault XP
 C = Vault XP percentage of total XP
 D = Non-vault monster count
 E = Vault monster count
 F = Vault count percentage of total count
                 A         B        C        D         E       F
            +---------+---------+-------+---------+---------+-------
      Total |      84 |       5 |   5.6 |      33 |       5 |  13.2
            +---------+---------+-------+---------+---------+-------
        D:1 |      51 |       5 |   8.9 |      22 |       5 |  18.5
        D:2 |      33 |       0 |   0.0 |      11 |       0 |   0.0
            +---------+---------+-------+---------+---------+-------
